 Dungeon Crawl Stone Soup version 0.31.0-12-g77e489cdc1 (webtiles) character file.

Game seed: 17444622767660779682

7809 Chiseanne the Fighter (level 11, 90/90 HPs)
             Began as a Demonspawn Wanderer on Feb 20, 2024.
             Was an Initiate of Gozag.
             Quit the game in a bailey.
             The game lasted 00:26:23 (9015 turns).

Chiseanne the Fighter (Demonspawn Wanderer)         Turns: 9015, Time: 00:26:23

Health: 90/90      AC: 16    Str: 17    XL:     11   Next: 1%
Magic:  12/12      EV: 21    Int: 14    God:    Gozag
Gold:   357        SH:  8    Dex: 15    Spells: 12/12 levels left

rFire   . . .        a - +5 scimitar (flame)
rCold   . . .        (no shield)
rNeg    + . .        B - +0 acid dragon scales
rPois   +            r - +1 helmet {SInv}
rElec   .            H - scarf {rPois}
rCorr   +            (no gloves)
SInv    +            I - +0 pair of boots "Fuiw" {Str+4}
Will    .....        (no amulet)
Stlth   +            l - +5 ring of evasion
HPRegen 0.35/turn    f - ring of Temptation {rN+ rCorr AC+4}
MPRegen 0.13/turn

%: no passive effects
@: gold aura, very slow
A: large bone plates 1, spiny 2, condensation shield, demonic touch 1
a: Renounce Religion, Potion Petition, Call Merchant, Bribe Branch


You were in a bailey.
You worshipped Gozag.
Gozag was aware of your devotion.
You visited 2 branches of the dungeon, and saw 11 of its levels.
You also visited: Bailey.

You collected 1567 gold pieces.
You spent 544 gold pieces at shops.
You paid 666 gold pieces to Gozag.

Inventory:

Hand Weapons
 a - a +5 scimitar of flaming (weapon)
 b - a +1 flail of protection
 j - a +3 battleaxe of flaming
 o - a +3 falchion of freezing
 q - a +4 flail
 s - a +2 whip of venom
Missiles
 g - 97 stones
 i - 8 darts of dispersal
 v - 9 boomerangs
 C - 18 poisoned darts (quivered)
Armour
 r - a +1 helmet of see invisible (worn)
 B - +0 acid dragon scales (worn)
 H - a scarf of poison resistance (worn)
 I - the +0 pair of boots "Fuiw" (worn) {Str+4}
   (You bought it in a shop on level 8 of the Dungeon)

   Str+4:     It affects your strength (+4).
Jewellery
 f - the ring of Temptation (right hand) {rN+ rCorr AC+4}
   (You found it on level 5 of the Dungeon)

   [ring of protection]

   AC+4:      It affects your AC (+4).
   rN+:       It protects you from negative energy.
   rCorr:     It protects you from acid and corrosion.
 l - a +5 ring of evasion (left hand)
 n - a ring of flight
 u - the ring of Altruism {rF++ rCorr Str+3 Int-5 Dex+6}
   (You took it off a boggart on level 10 of the Dungeon)

   [ring of dexterity]

   Str+3:     It affects your strength (+3).
   Int-5:     It affects your intelligence (-5).
   Dex+6:     It affects your dexterity (+6).
   rF++:      It greatly protects you from fire.
   rCorr:     It protects you from acid and corrosion.
 F - a ring of magical power
 G - a ring of wizardry
Wands
 e - a wand of roots (6)
 m - a wand of flame (7)
 A - a wand of paralysis (17)
 D - a wand of mindburst (29)
Scrolls
 h - a scroll of butterflies
 y - 3 scrolls of fog
 z - a scroll of teleportation
 E - 4 scrolls of poison
 J - a scroll of amnesia
Potions
 c - 9 potions of curing
 d - a potion of heal wounds
 k - 2 potions of brilliance
 p - 3 potions of mutation
 t - a potion of ambrosia
 w - a potion of enlightenment
 x - a potion of magic


   Skills:
 * Level 10.0 Fighting
 - Level 4.5 Throwing
 * Level 9.0 Armour
 * Level 8.9 Dodging
 - Level 1.0 Stealth
 - Level 1.0 Spellcasting
 - Level 1.7 Air Magic
 - Level 1.0 Evocations


You had 12 spell levels left.
You didn't know any spells.
Your spell library contained the following spells:

 Spells                   Type           Power      Damage    Failure   Level
 Apportation              Tloc           0%         N/A       32%         1
 Necrotise                Necr           0%         1d4       32%         1
 Slow                     Hex            0%         N/A       32%         1
 Sting                    Conj/Alch      0%         1d3       32%         1
 Summon Small Mammal      Summ           0%         N/A       32%         1
 Mercury Vapours          Alch/Air       6%         N/A       34%         2
 Static Discharge         Conj/Air       6%         3-4/arc   34%         2
 Cigotuvi's Dreadful Rot  Necr/Alch/Air  4%         N/A       36%         2
 Call Canine Familiar     Summ           0%         N/A       69%         3
 Confusing Touch          Hex            0%         N/A       69%         3
 Fugue of the Fallen      Necr           0%         N/A       69%         3
 Gell's Gravitas          Tloc           0%         N/A       69%         3
 Ozocubu's Armour         Ice            0%         N/A       69%         3
 Sigil of Binding         Hex            0%         N/A       69%         3
 Stone Arrow              Conj/Erth      0%         3d7       69%         3
 Teleport Other           Tloc           0%         N/A       69%         3
 Vampiric Draining        Necr           0%         2d6       69%         3
 Vhi's Electric Charge    Tloc/Air       6%         N/A       93%         4
 Animate Armour           Summ/Erth      0%         N/A       97%         4
 Brom's Barrelling Bould  Conj/Erth      0%         2d3       97%         4
 Ignite Poison            Fire/Alch      0%         N/A       97%         4
 Manifold Assault         Tloc           0%         N/A       97%         4
 Summon Blazeheart Golem  Fire/Summ      0%         N/A       97%         4
 Arcjolt                  Conj/Air       1%         1d11      100%        5
 Freezing Cloud           Conj/Ice/Air   1%         6-21      100%        5
 Dispersal                Tloc           0%         N/A       100%        6
 Plasma Beam              Fire/Air       1%         2x1d11    100%        6
 Discord                  Hex            0%         N/A       100%        8
 Lehudib's Crystal Spear  Conj/Erth      0%         10d2      100%        8


Dungeon Overview and Level Annotations

Branches:
Dungeon (10/15)            Temple (1/1) D:4            Lair (0/5) D:8
 Bailey (1/1)
    Orc: D:9-12

Altars:
Ashenzari
Cheibriados
Dithmenos
Fedhas
Gozag
Hepliaklqana
Makhleb
Nemelex Xobeh
Okawaru
Qazlal
Ru
Sif Muna
Trog
Uskayaw
Vehumet
Wu Jian
Xom
Yredelemnul
Lugonu

Shops:
D:3 [!==*   D:8 **[   D:9 :=(:

Annotations:
D:1 exclusion: downstairs


Innate Abilities, Weirdness & Mutations

You are partially covered in large bone plates. (SH +4)
You are mostly covered in sharp spines.
A meltable shield of frost defends you. (SH +4)
Your touch may inflict minor irresistible damage on your foes.


Message History

An ogre is nearby!
The ogre completely misses you.
An ogre comes into view. It is wielding a +0 halberd.
The ogre is struck by your spines. The ogre hits you with a +0 halberd.
You barely miss the ogre.
The ogre is lightly wounded.
The ogre barely misses you.
The ogre shouts!
You slash the ogre! You burn the ogre!
The ogre is almost dead.
You hear a shout!
You slash the ogre! You burn the ogre.
You kill the ogre!
You hear a splash.
Your Armour skill increases to level 9!
You have reached level 11!
Your demonic ancestry asserts itself...
Your hands begin to faintly glow with unholy energy.
The ogre is distracted by your dazzling golden aura.
The ogre shouts!
You start waiting.
An ogre is nearby!
The ogre barely misses you. The ogre is struck by your spines.
The ogre misses you.
You barely miss the ogre.
You touch the ogre.
The ogre is moderately wounded.
The ogre completely misses you.
You barely miss the ogre.
The ogre is moderately wounded.
You block the ogre's attack.
You slash the ogre! You burn the ogre.
You touch the ogre.
You kill the ogre!
You hear a splash.
Your Fighting skill increases to level 10!
You enter the shallow water.
Moving in this stuff is going to be slow.
You now have 357 gold pieces (gained 26).
Things that are here:
a +0 halberd; a +0 halberd Are you sure you want to abandon this character and quit the game? (Confirm with "yes".)

#######
###.....###
##.........##
##...........##
#....∩...∩....#
##...........##
##....)....##
###~@~~~###
#~~~~~# #~~~~~#
.......#
.........#
..####♣##..#
..# #.. ..# #.
..#


There were no monsters in sight!

Vanquished Creatures
  Erica (D:8)
  A harpy (shapeshifter) (D:10)
  A manticore (D:10)
  Jeremiah (D:9)
  Maggie (D:8)
  A hornet (D:9)
  Prince Ribbit (D:8)
  A wyvern (D:6)
  A slime creature (D:10)
  A yak (D:10)
  Menkaure (D:7)
  A steam dragon (D:8)
  An acid dragon (D:10)
  4 water moccasins (D:8)
  4 ice beasts
  5 black bears
  A boggart (D:10)
  5 ogres
  2 centaurs
  2 phantoms
  3 kobold brigands
  Blork the orc (D:6)
  5 bullfrogs
  3 scorpions
  11 wights
  4 killer bees
  3 howler monkeys
  2 jellies (D:7)
  2 bombardier beetles
  5 hounds
  4 orc priests
  2 sleepcaps
  2 iguanas
  8 orc wizards
  9 gnolls
  10 adders
  A shadow imp (D:6)
  3 white imps (D:5)
  4 dart slugs
  26 orcs
  11 ball pythons
  7 endoplasms
  A giant cockroach (D:1)
  10 goblins
  4 hobgoblins
  3 jackals (D:3)
  6 quokkas
  3 bats
  4 frilled lizards
  22 kobolds
  2 rats
217 creatures vanquished.

Notes
Turn   | Place    | Note
-------+----------+-------------------------------------------
     0 | D:1      | Chiseanne the Demonspawn Wanderer began the quest for the
                  | Orb.
     0 | D:1      | Chiseanne set off with the following items: a +2 dagger, 2
                  | curare-tipped darts, a potion of curing, a potion of heal
                  | wounds, a +0 leather armour; and the following spells
                  | available to memorise: Mercury Vapours, Static Discharge.
     0 | D:1      | Reached XP level 1. HP: 13/13 MP: 2/2
   191 | D:1      | Gained mutation: You are partially covered in sharp spines.
                  | [demonic ancestry]
   191 | D:1      | Reached XP level 2. HP: 20/20 MP: 3/3
   286 | D:1      | Reached skill level 1 in Fighting
   296 | D:1      | Reached skill level 1 in Armour
   296 | D:1      | Reached skill level 1 in Dodging
   772 | D:2      | Found a faded altar of an unknown god.
   899 | D:1      | Reached XP level 3. HP: 24/26 MP: 4/4
  1637 | D:3      | Reached skill level 2 in Fighting
  1655 | D:3      | Reached XP level 4. HP: 33/33 MP: 5/5
  1664 | D:3      | Found Kuoqock's Jewellery Emporium.
  1680 | D:3      | Found Wutawnar's Jewellery Emporium.
  1821 | D:3      | Found Sareowe's Assorted Antiques.
  1980 | D:3      | Found an iron altar of Okawaru.
  1982 | D:3      | Found a bloodstained altar of Trog.
  1987 | D:3      | Found a blossoming altar of Fedhas.
  2016 | D:3      | Noticed a bullfrog
  2026 | D:3      | Killed a bullfrog
  2027 | D:3      | Reached XP level 5. HP: 24/39 MP: 6/6
  2194 | D:3      | Found a hide-covered altar of Uskayaw.
  2274 | D:3      | Found Tocifyuz's Distillery.
  2289 | D:3      | Reached skill level 3 in Fighting
  2338 | D:3      | Found Emmuta's Armour Shoppe.
  2533 | D:4      | Found a staircase to the Ecumenical Temple.
  2544 | Temple   | Entered the Ecumenical Temple
  2557 | Temple   | Became a worshipper of Gozag Ym Sagoz the Greedy
  2765 | D:4      | Gained mutation: A meltable shield of frost defends you.
                  | (SH +4) [demonic ancestry]
  2765 | D:4      | Reached XP level 6. HP: 32/47 MP: 7/7
  3531 | D:5      | Entered Level 5 of the Dungeon
  3790 | D:5      | Found a sparkling altar of Nemelex Xobeh.
  3929 | D:5      | Found a shadowy altar of Dithmenos.
  3941 | D:5      | Identified the ring of Temptation {rN+ rCorr AC+4}
  3947 | D:5      | Reached skill level 4 in Fighting
  3947 | D:5      | Gained mutation: You are partially covered in large bone
                  | plates. (SH +4) [demonic ancestry]
  3947 | D:5      | Reached XP level 7. HP: 54/54 MP: 8/8
  4064 | D:5      | Got the Secrets of Clouds
  4073 | D:5      | Got the Tome of Charming Grit
  4398 | D:5      | Found a hazy altar of Hepliaklqana.
  4732 | D:6      | Reached skill level 5 in Fighting
  4737 | D:6      | Found a broken altar of Ashenzari.
  4787 | D:6      | Gained mutation: You are mostly covered in sharp spines.
                  | [demonic ancestry]
  4787 | D:6      | Reached XP level 8. HP: 13/62 MP: 9/9
  5054 | D:6      | Reached skill level 5 in Armour
  5054 | D:6      | Reached skill level 5 in Dodging
  5149 | D:6      | Reached skill level 6 in Fighting
  5445 | D:6      | Noticed Blork the orc
  5508 | D:6      | Killed Blork the orc
  5617 | D:6      | Found a radiant altar of Vehumet.
  5927 | D:7      | Found a stormy altar of Qazlal.
  6300 | D:7      | Found an ornate altar of the Wu Jian Council.
  6311 | D:7      | Found a basalt altar of Yredelemnul.
  6453 | D:7      | Reached XP level 9. HP: 63/71 MP: 10/10
  6511 | D:7      | Identified the blade talisman of the Bull {Int+2}
  6584 | D:7      | Noticed Menkaure
  6590 | D:7      | Killed Menkaure
  6629 | D:7      | Reached skill level 7 in Fighting
  7323 | D:8      | Noticed Maggie
  7329 | D:8      | Killed Maggie
  7330 | D:8      | Reached skill level 8 in Fighting
  7411 | D:8      | Noticed Prince Ribbit
  7427 | D:8      | Killed Prince Ribbit
  7548 | D:8      | Reached XP level 10. HP: 81/81 MP: 11/11
  7554 | D:8      | Noticed Erica
  7571 | D:8      | Killed Erica
  7864 | D:8      | Found a staircase to the Lair.
  7942 | D:8      | Found Tiqocoe's Serpentskin Sales.
  7967 | D:8      | Bought a scarf of poison resistance for 108 gold pieces
  8069 | D:8      | Found Uqeixziv's General Store.
  8079 | D:8      | Reached skill level 9 in Fighting
  8217 | D:9      | Found Feczip's Vocational Training.
  8235 | D:8      | Bought a +1 helmet of see invisible for 198 gold pieces
  8242 | D:8      | Bought the +0 pair of boots "Fuiw" {Str+4} for 238 gold
                  | pieces
  8258 | D:9      | Found Ziniobb's Antique Weapon Shoppe.
  8489 | D:9      | Noticed Jeremiah
  8504 | D:9      | Paralysed by Jeremiah for 2 turns
  8510 | D:9      | Killed Jeremiah
  8552 | D:9      | Found Jootusuogy's Book Emporium.
  8615 | D:9      | Found Kehicil's Jewellery Shoppe.
  8623 | D:10     | Entered Level 10 of the Dungeon
  8705 | D:10     | Identified the ring of Altruism {rF++ rCorr Str+3 Int-5
                  | Dex+6}
  8726 | D:10     | Noticed a manticore
  8742 | D:10     | a redback changed into a harpy
  8742 | D:10     | Noticed a harpy (shapeshifter)
  8743 | D:10     | Killed a manticore
  8744 | D:10     | Killed a harpy
  8940 | D:10     | Found a flagged portal.
  8962 | Bailey   | Entered a bailey
  8997 | Bailey   | Gained mutation: Your touch may inflict minor irresistible
                  | damage on your foes. [demonic ancestry]
  8997 | Bailey   | Reached XP level 11. HP: 90/90 MP: 12/12
  9013 | Bailey   | Reached skill level 10 in Fighting
  9015 | Bailey   | Quit the game

Illustrated notes

Levels and vault maps discovered:
D:1:      psy_arrival_statuary, layout_loops_ring
D:2:      layout_rooms, nicolae_ecumenical_oubliette
D:3:      layout_loops_ring, eat_drink_and_be_merry_uskayaw, minitemple,
          serial_shops, shop, shop, nicolae_shop_real_fake_doors, shop, shop,
          minmay_misc_feat_ornament, kennysheep_orc_chapel
D:4:      layout_basic, temple_fountains
D:5:      layout_rooms, old_standard_altar, lemuel_crystal_altar,
          mainiacjoe_overflow_surrounded_room, serial_library,
          serial_library_hellmonk_h_bend,
          serial_library_hellmonk_recessed_alcove,
          serial_library_hellmonk_open_square,
          serial_library_hellmonk_reading_circle,
          serial_library_hellmonk_metal_room,
          serial_library_hellmonk_angled_corner,
          serial_library_hellmonk_secret_room,
          serial_library_regret_index_split_case,
          serial_library_hellmonk_hallway_a,
          serial_library_regret_index_split_case,
          serial_library_hellmonk_big_corner, chequers_arboretum
D:6:      layout_basic, vehumet_crystals, mainiacjoe_overflow_cross_hatched,
          mainiacjoe_overflow_chevrons, uniq_blork_the_orc
D:7:      layout_basic, nicolae_qazlal_general_emergency, jmf_multi_god_temple2,
          uniq_menkaure
D:8:      layout_basic, due_lair_maze_entry_diamond, serial_shops, shop,
          guppyfry_shop_venom, uniq_maggie, uniq_prince_ribbit1, uniq_erica
D:9:      layout_rooms, serial_shops, nicolae_shop_just_a_little_nook, shop,
          nicolae_shop_competitors_out_of_business,
          nicolae_shop_tiny_statue_garden, kennysheep_another_room,
          nicolae_shop_vocational, uniq_jeremiah
D:10:     minmay_the_grid_triangle_9x9_recursive_2_mashed
          [minmay_the_grid_triangle_9x9_prize_special,
          minmay_the_grid_triangle_9x9_flanged_cone,
          minmay_the_grid_triangle_9x9_thin_v,
          minmay_the_grid_triangle_9x9_descending_squares], layout_loops_cross,
          lemuel_doored_altar, enter_bailey_5
Temple:   corrupted_temple
Bailey:   bailey_polearm_enchanted_keep_hellmonk, bailey

Skill      XL: |  1  2  3  4  5  6  7  8  9 10 11 |
---------------+----------------------------------+-----
Fighting       | 1 2 3 4 5 6 8 9 10 | 10.0
Armour         | 1 2 3 4 6 7 9 |  9.0
Dodging        | 1 2 3 4 6 7 8 |  8.9
Throwing       | |  4.5
Stealth        | |  1.0
Spellcasting   | |  1.0
Air Magic      | |  1.7
Evocations     | |  1.0

Action                     |  1- 3 |  4- 6 |  7- 9 | 10-12 || total
---------------------------+-------+-------+-------+-------++-------
  Melee: Dagger            |    93 |       |       |       ||    93
         Punch             |     1 |     2 |     5 |     4 ||    12
         Whip              |    13 |   119 |   147 |    42 ||   321
         Flail             |       |       |    28 |       ||    28
         Battleaxe         |       |       |    46 |       ||    46
         Scimitar          |       |       |       |    99 ||    99
         Touch             |       |       |       |     2 ||     2
  Throw: Dart              |     1 |     1 |     1 |     1 ||     4
         Stone             |       |     3 |       |       ||     3
         Boomerang         |       |     4 |     7 |       ||    11
 Invoke: Call Merchant     |       |       |       |     1 ||     1
  Evoke: Wand              |       |       |    16 |       ||    16
    Use: Scroll            |     6 |     9 |     7 |     4 ||    26
         Potion            |       |       |     1 |     1 ||     2
   Stab: Sleeping          |     2 |     1 |       |       ||     3
         Distracted        |       |       |     1 |     2 ||     3
 Armour: Ring mail         |    49 |    32 |    88 |    21 ||   190
         Leather armour    |     2 |       |       |       ||     2
         Acid dragon scale |       |       |       |    41 ||    41
  Dodge: Dodged            |    48 |    82 |   174 |   122 ||   426
  Block: Other             |       |     4 |    76 |    69 ||   149
